 Dungeon Crawl Stone Soup version 0.28-a0-1429-gf3d713df7a (webtiles) character file.

Game seed: 9354668106243366650

326 HallandMoats the Brooding (level 6, -2/42 HPs)
             Began as a Demonspawn Fighter on Jan 9, 2022.
             Was a Priest of Hepliaklqana.
             Slain by Pikel (4 damage)
             ... on level 4 of the Dungeon.
             The game lasted 00:03:23 (3490 turns).

HallandMoats the Brooding (Demonspawn Fighter)      Turns: 3490, Time: 00:03:24

Health: -2/42      AC:  7    Str: 20    XL:     6   Next: 24%
Magic:  9/9        EV: 10    Int: 11    God:    Hepliaklqana [***...]
Gold:   213        SH:  5    Dex: 19    Spells: 5/5 levels left

rFire   . . .      SeeInvis .   a - +0 war axe
rCold   . . .      Faith    .   c - +0 buckler
rNeg    . . .      Spirit   .   b - +0 scale mail
rPois   +          Reflect  .   (no helmet)
rElec   .          Harm     .   r - +1 cloak {rPois}
rCorr   .          Rampage  .   o - +0 pair of gloves of Misanthropy {rPois rC- Str+2 Dex+6}
Will    .....                   l - +0 pair of boots
Stlth   ..........              (no amulet)
HPRegen 0.14/turn               p - ring of protection from cold
MPRegen 0.11/turn               (no ring)

@: corroded
A: reduced essence, spiny 2, big brain 1, demonic touch 2
a: Renounce Religion, Recall Ancestor, Ancestor Identity, Transference


You were on level 4 of the Dungeon.
You worshipped Hepliaklqana.
Hepliaklqana was most pleased with you.
You visited 1 branch of the dungeon, and saw 4 of its levels.

You collected 213 gold pieces.

Inventory:

Hand Weapons
 a - a +0 war axe (weapon)
Armour
 b - a +0 scale mail (worn)
 c - a +0 buckler (worn)
 j - a +0 pair of gloves
 l - a +0 pair of boots (worn)
 o - the +0 pair of gloves of Misanthropy (worn) {rPois rC- Str+2 Dex+6}
   (You found it on level 3 of the Dungeon)

   Str:       It affects your strength (+2).
   Dex:       It affects your dexterity (+6).
   rC:        It makes you vulnerable to cold.
   rPois:     It protects you from poison.
 r - a +1 cloak of poison resistance (worn)
Jewellery
 p - a ring of protection from cold (left hand)
 w - an amulet of reflection
Wands
 q - a wand of digging (2)
 v - a wand of iceblast (14)
 x - a wand of flame (7)
 y - a wand of charming (2)
Scrolls
 e - a scroll of holy word {unknown}
 f - 3 scrolls of identify {unknown}
 g - 2 scrolls of teleportation {unknown}
 h - 3 scrolls of magic mapping {unknown}
 i - a scroll of enchant armour {unknown}
 n - a scroll of enchant weapon {unknown}
 s - a scroll of immolation {unknown}
Potions
 d - 2 potions of might
 k - 2 potions of curing {unknown}
 m - a potion of ambrosia {unknown}
 t - a potion of brilliance {unknown}
 u - a potion of mutation {unknown}


   Skills:
 + Level 3.5 Fighting
 + Level 2.6 Axes
 + Level 3.3 Armour
 + Level 1.5 Dodging
 * Level 3.9 Shields
 * Level 4.2 Invocations


You had 5 spell levels left.
You didn't know any spells.
Your spell library contained the following spells:

 Spells                   Type           Power      Damage    Failure   Level
 Ignite Poison            Fire/Tmut/Pois 0%         N/A       98%         3
 Mephitic Cloud           Conj/Pois/Air  0%         N/A       98%         3
 Hailstorm                Conj/Ice       0%         3d3       100%        4
 Ice Form                 Ice/Tmut       0%         N/A       100%        4
 Freezing Cloud           Conj/Ice/Air   0%         6-21      100%        5
 Simulacrum               Ice/Necr       0%         N/A       100%        6


Dungeon Overview and Level Annotations

Branches:
Dungeon (4/15)
 Temple: D:4-7

Altars:
Hepliaklqana
Nemelex Xobeh
Ru

Shops:
D:3 [

Annotations:
D:4 Pikel


Innate Abilities, Weirdness & Mutations

Your life essence is reduced to manifest your ancestor. (-10% HP)
You are mostly covered in sharp spines.
You have an unusually large brain. (Int +2)
Your touch may inflict irresistible damage on your foes.


Message History

Your hands burn!
You hit the lemure. The jelly hits you but does no damage.
You block the lemure's attack.
Pikel hits Sir Rick Astley with a +0 whip of electrocution!
Lightning courses through Sir Rick Astley!
Sir Rick Astley is destroyed!
The jelly hits you but does no damage. The lemure is struck by your spines.
The lemure hits you but does no damage.
You slash the jelly!
You kill the jelly!
You barely miss the lemure. You block the lemure's attack.
Unknown command.
You closely miss the lemure.
The lemure is lightly wounded.
You closely miss Pikel. Pikel is struck by your spines.
Pikel hits you with a +0 whip of electrocution.
The lemure closely misses you. Pikel hits you but does no damage.
The lemure hits you but does no damage.
Unknown command.
You hit Pikel.
Pikel is moderately wounded.
You hit the lemure but do no damage.
Pikel hits you with a +0 whip of electrocution.
You are electrocuted!!
* * * LOW HITPOINT WARNING * * *
You are too injured to fight recklessly!
Unknown command.
Unknown command.
You are too injured to fight recklessly!
Unknown command.
You are too injured to fight recklessly!
Unknown command.
You are too injured to fight recklessly!
Unknown command.
You are too injured to fight recklessly!
You see here a purple potion.
Pikel is struck by your spines.
Pikel hits you with a +0 whip of electrocution!
* * * LOW HITPOINT WARNING * * *
Pikel hits you with a +0 whip of electrocution.
You die...

#####.......# #.# ##.##
....#8.....8####.# #.#
###.#.......#....# #.######
#.#8.....8############
#...(... #.#.......#
#.......####..####
#.#8.....8# #.# #_........#
#.#))))...#
#.#####.#.#...#.#
#.#8.)...8#
#.##..........#.#
#.........####@##.##.#.....#
#
##........##...K5..#)#.#.#.#
###########.#.55..(.........
#.####..#......... #
...##.......## .##.# ......
#. .# ..... . .# .. #. ##


You could see Pikel and 3 lemures.

Vanquished Creatures
  A lemure (D:4)
  A phantom (D:3)
  A jelly (D:4)
  Crazy Yiuf (D:3)
  Ijyb (D:4)
  An iguana (D:4)
  3 adders
  A worm (D:3)
  A dart slug (D:1)
  An orc (D:4)
  4 endoplasms
  4 giant cockroaches
  11 goblins
  11 hobgoblins
  12 jackals
  6 kobolds
  6 quokkas
  8 ball pythons
  4 bats (D:1)
  3 frilled lizards
  3 rats
84 creatures vanquished.

Vanquished Creatures (collateral kills)
  An adder (D:4)
  A ball python (D:2)
  An endoplasm (D:2)
  A giant cockroach (D:2)
  2 goblins (D:4)
  A hobgoblin (D:3)
  A kobold (D:2)
8 creatures vanquished.

Vanquished Creatures (others)
  2 hexers
2 creatures vanquished.

Grand Total: 94 creatures vanquished

Notes
Turn   | Place    | Note
-------+----------+-------------------------------------------
     0 | D:1      | HallandMoats the Demonspawn Fighter began the quest for the
                  | Orb.
     0 | D:1      | Reached XP level 1. HP: 18/18 MP: 1/1
    51 | D:1      | Reached skill level 1 in Invocations
    51 | D:1      | Gained mutation: You are partially covered in sharp spines.
                  | [demonic ancestry]
    51 | D:1      | Reached XP level 2. HP: 15/24 MP: 2/2
   389 | D:1      | Found a faded altar of an unknown god.
   411 | D:1      | Prayed at the altar of an unknown god.
   411 | D:1      | Became a worshipper of Hepliaklqana the Forgotten
   411 | D:1      | Reached * piety under Hepliaklqana
   603 | D:1      | Gained mutation: Your touch may inflict minor irresistible
                  | damage on your foes. [demonic ancestry]
   603 | D:1      | Reached XP level 3. HP: 22/26 MP: 4/4
   822 | D:1      | Reached skill level 2 in Invocations
  1567 | D:2      | Reached ** piety under Hepliaklqana
  1568 | D:2      | Remembered your ancestor Sir Rick Astley as a hexer
  1703 | D:2      | Gained mutation: You are mostly covered in sharp spines.
                  | [demonic ancestry]
  1703 | D:2      | Reached XP level 4. HP: 31/31 MP: 5/5
  1923 | D:3      | Noticed a phantom
  1933 | D:3      | Killed a phantom
  1934 | D:3      | Reached skill level 1 in Dodging
  1934 | D:3      | Reached skill level 3 in Invocations
  1934 | D:3      | Gained mutation: You have an unusually large brain. (Int
                  | +2) [demonic ancestry]
  1934 | D:3      | Reached XP level 5. HP: 32/36 MP: 7/7
  2002 | D:3      | Identified the +0 pair of gloves of Misanthropy {rPois rC-
                  | Str+2 Dex+6}
  2056 | D:3      | Found a runed translucent door.
  2057 | D:3      | Noticed Crazy Yiuf
  2333 | D:3      | Found Lamnuclu's Antique Armour Boutique.
  2499 | D:3      | Found a sacrificial altar of Ru.
  2901 | D:3      | Killed Crazy Yiuf
  3173 | D:4      | Reached *** piety under Hepliaklqana
  3333 | D:4      | Noticed Ijyb
  3340 | D:4      | Reached skill level 4 in Invocations
  3344 | D:4      | Killed Ijyb
  3345 | D:4      | Gained mutation: Your touch may inflict irresistible damage
                  | on your foes. [demonic ancestry]
  3345 | D:4      | Reached XP level 6. HP: 41/42 MP: 7/9
  3467 | D:4      | Found a sparkling altar of Nemelex Xobeh.
  3482 | D:4      | Noticed Pikel
  3489 | D:4      | HP: 2/42 [Pikel (9)]
  3490 | D:4      | Slain by Pikel

Illustrated notes

Levels and vault maps discovered:
D:1:      lightli_arrival_isolated_outpost, layout_loops_ring,
          chequers_ecumenical_altar_simple_redux, minmay_tromino_v4_b
D:2:      layout_basic
D:3:      layout_basic, lemuel_doored_altar, serial_shops, shop,
          uniq_crazy_yiuf_cottage
D:4:      kennysheep_the_goblin_king, layout_loops_cross,
          overflow_temple_1_default, uniq_pikel

Skill      XL: |  1  2  3  4  5 |
---------------+----------------+-----
Invocations    | 1 2 3 4 |  4.2
Shields        | 3 |  3.9
Axes           | 2 |  2.6
Armour         | 3 |  3.3
Dodging        | 1 |  1.5
Fighting       | |  3.5

Action                   |  1- 3 |  4- 6 || total
-------------------------+-------+-------++-------
Melee: War axe           |    96 |    68 ||   164
Invok: Ancestor Identity |     1 |       ||     1
       Ancestor Life: He |     1 |       ||     1
 Stab: Confused          |     1 |     2 ||     3
Armor: Scale mail        |    45 |    31 ||    76
Dodge: Dodged            |    41 |    22 ||    63
Block: Buckler           |    20 |    18 ||    38

Table legend: (Time is in decaauts)
 A = Elapsed time spent in this place.
 B = Non-inter-level travel time spent in this place.
 C = Inter-level travel time spent in this place.
 D = Time resting spent in this place.
 E = Time spent auto-exploring this place.
 F = Levels seen in this place.
 G = Mean time per level.
                   A        B        C        D        E       F      G
               +--------+--------+--------+--------+--------+-----+--------+
         Total |   3567 |   3428 |    139 |    218 |   2683 |   4 |  891.8 |
       Dungeon |   3567 |   3428 |    139 |    218 |   2683 |   4 |  891.8 |
               +--------+--------+--------+--------+--------+-----+--------+

Top non-repeatable levels by time:
     D:1: 1210 daAuts
     D:3: 1177 daAuts
     D:2: 726 daAuts
     D:4: 453 daAuts
